 Dungeon Crawl Stone Soup version 0.29-a0-1061-gbc57f8fbdb (webtiles) character file.

Game seed: 15816983781886681570

1137 Ijustatesigmund the Purveyor of Pain (level 8, -2/36 (45) HPs)
             Began as a Deep Elf Necromancer on Aug 18, 2022.
             Was an Initiate of Kikubaaqudgha.
             Slain by a killer bee (3 damage)
             ... on level 6 of the Dungeon.
             The game lasted 00:18:05 (5007 turns).

Ijustatesigmund the Purveyor of Pain (DENe)         Turns: 5007, Time: 00:18:05

HP:   -2/36 (45)    AC:  4    Str:  5    XL:     8   Next: 14%
MP:   17/21         EV: 13    Int: 26    God:    Kikubaaqudgha [......]
Gold: 163           SH:  0    Dex: 15    Spells: 16/22 levels left

rFire   . . .      SeeInvis +   b - +1 short sword (vamp)
rCold   + . .      Faith    .   (no shield)
rNeg    . . .      Spirit   .   a - +0 robe
rPois   .          Reflect  .   e - +0 helmet {Int+3}
rElec   .          Harm     .   (no cloak)
rCorr   .          Rampage  .   h - +0 pair of gloves
Will    .....                   (no boots)
Stlth   ++........              v - amulet of the acrobat
HPRegen 0.12/turn               n - ring of see invisible
MPRegen 0.17/turn               r - ring of protection from cold

@: lethally poisoned (-2 -> -7), heavily drained
A: no striking features
a: Renounce Religion


You were on level 6 of the Dungeon.
You worshipped Kikubaaqudgha.
Kikubaaqudgha was noncommittal.
You visited 2 branches of the dungeon, and saw 7 of its levels.

You collected 358 gold pieces.
You spent 195 gold pieces at shops.

Inventory:

Hand Weapons
 b - a +1 vampiric short sword (weapon)
 m - a +0 dagger of holy wrath
 p - a +4 sling
Missiles
 k - 10 curare-tipped darts
Armour
 a - a +0 robe (worn)
 e - a +0 helmet of intelligence (worn)
 h - a +0 pair of gloves (worn)
Magical Staves
 u - a staff of earth
Jewellery
 d - an amulet of regeneration
 n - a ring of see invisible (left hand)
 r - a ring of protection from cold (right hand)
 v - an amulet of the acrobat (around neck)
Wands
 q - a wand of mindburst (12)
 x - a wand of roots (6)
 y - a wand of flame (8)
Scrolls
 c - 3 scrolls of fog
 g - a scroll of fear
 l - a scroll of identify
 s - a scroll of blinking
 w - a scroll of amnesia
Potions
 f - 2 potions of invisibility
 o - a potion of attraction
 t - a potion of berserk rage
 z - a potion of brilliance


   Skills:
 + Level 2.7 Fighting
 - Level 2.0 Short Blades
 - Level 3.1 Dodging
 - Level 2.4 Stealth
 + Level 7.5 Spellcasting
 + Level 7.9 Necromancy
 + Level 2.4 Air Magic
 + Level 2.7 Poison Magic


You had 16 spell levels left.
You knew the following spells:

 Your Spells              Type           Power      Damage    Failure   Level
a - Necrotise             Necr           100%       1d9       1%          1
b - Vampiric Draining     Necr           50%        2d9       1%          3
c - Poisonous Vapours     Pois/Air       46%        N/A       3%          2

Your spell library contained the following spells:

 Spells                   Type           Power      Damage    Failure   Level
 Animate Dead             Necr           50%        N/A       2%          4
 Beastly Appendage        Tmut           18%        N/A       6%          1
 Agony                    Necr           50%        N/A       6%          5
 Wereblood                Tmut           9%         N/A       9%          2
 Spider Form              Tmut/Pois      16%        N/A       10%         3
 Corpse Rot               Necr/Pois/Air  32%        N/A       10%         4
 Ozocubu's Armour         Ice            9%         N/A       19%         3
 Portal Projectile        Hex/Tloc       18%        N/A       19%         3
 Tukima's Dance           Hex            9%         N/A       19%         3
 Blade Hands              Tmut           4%         N/A       86%         5
 Metabolic Englaciation   Hex/Ice        4%         N/A       86%         5
 Simulacrum               Ice/Necr       15%        N/A       87%         6


Dungeon Overview and Level Annotations

Branches:
Dungeon (6/15)             Temple (1/1) D:6

Altars:
Ashenzari
Dithmenos
Fedhas
Gozag
Hepliaklqana
Kikubaaqudgha
Makhleb
Nemelex Xobeh
Okawaru
Qazlal
Sif Muna
Trog
Vehumet
Yredelemnul
Zin
The Shining One

Shops:
D:2 ***

Annotations:
D:3 1 transporter, SlaveLabor's ghost, amateur GrFi
D:6 Eustachio


Message History

The killer bee stings your orc skeleton.
The killer bee barely misses you.
Your orc skeleton closely misses the killer bee.
As you read the scroll of teleportation, it crumbles to dust.
You feel strangely unstable.
The killer bee stings your orc skeleton!
Your orc skeleton is destroyed!
The killer bee stings you.
The orc priest invokes the aid of Beogh against you.
Beogh smites you!
* * * LOW HITPOINT WARNING * * *
Your orc skeleton hits the orc priest but does no damage.
The killer bee closely misses you. The orc closely misses you.
You feel much better.
The killer bee stings your orc skeleton!
Your orc skeleton is destroyed!
The killer bee closely misses you.
The orc priest looks braver for a moment.
The killer bee barely misses you. The orc hits you with a +0 club.
The orc priest barely misses you. The orc hits you with a +0 war axe!
The orc barely misses you.
You hit the orc priest.
You feel better.
The orc priest is lightly wounded.
The orc priest barely misses you. The orc misses you.
The killer bee stings you. The killer bee stings you!
* * * LOW HITPOINT WARNING * * *
You are lethally poisoned!
The killer bee poisons you! The orc closely misses you.
It was a potion of cancellation.
You feel strangely stable.
Your magical effects are unravelling.
You feel magically purged.
The sentinel's mark upon you fades away.
* * * LOW HITPOINT WARNING * * *
You feel sick. The killer bee barely misses you. The killer bee stings you.
* * * LOW HITPOINT WARNING * * *
The orc priest hits you but does no damage.
The orc closely misses you. The killer bee stings you.
You die...
Kikubaaqudgha rasps: "You have failed me!
Welcome... death!"

#..#..#.#
#.#..#..##.#
#...........
#...#.#..
#......#.
#.).......
#y....#...
#oo@...#.#
#@yy......
#yo.......
##########


You could see Eustachio, 4 killer bees, an orc priest and 2 orcs.

Vanquished Creatures
  An orc warrior (D:6)
  An ogre (D:5)
  A centaur (D:5)
  A phantom (D:5)
  A bullfrog (D:6)
  A necrophage (D:6)
  2 scorpions (D:5)
  A howler monkey (D:6)
  5 hounds
  3 orc priests
  An iguana (D:6)
  Robin (D:2)
  8 adders
  2 ufetubi
  3 worms
  A dart slug (D:1)
  10 orcs
  5 ball pythons (D:1)
  5 bats
  8 endoplasms
  4 giant cockroaches
  12 goblins
  11 hobgoblins
  5 jackals
  5 kobolds
  4 quokkas
  4 frilled lizards
  3 rats
109 creatures vanquished.

Vanquished Creatures (collateral kills)
  A bullfrog (D:6)
  A goblin (D:2)
  A hobgoblin (D:2)
  A kobold (D:1)
4 creatures vanquished.

Grand Total: 113 creatures vanquished

Notes
Turn   | Place    | Note
-------+----------+-------------------------------------------
     0 | D:1      | Ijustatesigmund the Deep Elf Necromancer began the quest
                  | for the Orb.
     0 | D:1      | Reached XP level 1. HP: 10/10 MP: 6/6
   140 | D:1      | Reached skill level 5 in Necromancy
   190 | D:1      | Reached XP level 2. HP: 15/15 MP: 2/8
   619 | D:2      | Reached XP level 3. HP: 19/19 MP: 5/10
   626 | D:2      | Learned a level 3 spell: Vampiric Draining
   764 | D:2      | Found Vaul's Assorted Antiques.
   769 | D:2      | Bought a scroll labelled FOISTI ICRAT for 21 gold pieces
   875 | D:2      | Found Ybbaasme's Assorted Antiques.
   945 | D:2      | Bought a scroll labelled OFUENATTYSIO for 23 gold pieces
   945 | D:2      | Bought a scroll labelled KUTHREMP NENU for 23 gold pieces
  1124 | D:2      | Noticed Robin
  1143 | D:2      | Killed Robin
  1144 | D:2      | Reached XP level 4. HP: 24/24 MP: 6/12
  1541 | D:2      | Found Wicruiz's General Store.
  1666 | D:3      | Found an iron altar of Okawaru.
  1672 | D:3      | Reached skill level 5 in Spellcasting
  1738 | D:3      | Reached XP level 5. HP: 28/28 MP: 6/15
  2168 | D:3      | Noticed SlaveLabor's ghost (amateur GrFi)
  2170 | D:3      | Identified the +9 great mace of Collusion {freeze, rElec
                  | Int+3 Dex+2}
  2170 | D:3      | Noticed an ogre
  2206 | D:3      | Found a transporter.
  2251 | D:2      | Bought a twisted platinum amulet for 105 gold pieces
  2286 | D:2      | Bought a scroll labelled UMUVOILOAFO for 23 gold pieces
  2483 | D:4      | Learned a level 2 spell: Poisonous Vapours
  3214 | D:4      | Found a shadowy altar of Dithmenos.
  3390 | D:5      | Entered Level 5 of the Dungeon
  3408 | D:5      | Reached skill level 1 in Short Blades
  3408 | D:5      | Reached XP level 6. HP: 31/33 MP: 12/17
  3466 | D:5      | Reached skill level 1 in Fighting
  3632 | D:5      | Found a shimmering blue altar of Sif Muna.
  3767 | D:6      | Found a glowing silver altar of Zin.
  3767 | D:6      | Found a glowing golden altar of the Shining One.
  3783 | D:6      | Reached XP level 7. HP: 19/35 MP: 12/18
  3785 | D:6      | Reached skill level 1 in Poison Magic
  3936 | D:6      | Reached skill level 1 in Air Magic
  4002 | D:6      | Noticed Eustachio
  4567 | D:6      | Found a staircase to the Ecumenical Temple.
  4603 | D:6      | Reached XP level 8. HP: 45/45 MP: 16/21
  4688 | Temple   | Entered the Ecumenical Temple
  4933 | Temple   | Became a worshipper of Kikubaaqudgha
  5007 | D:6      | HP: 1/36 [killer bee (1)]
  5007 | D:6      | Slain by a killer bee

Illustrated notes

Levels and vault maps discovered:
D:1:      dpeg_arrival_long_road, layout_rooms, item_on_display_a
D:2:      layout_basic, serial_shops, nicolae_shop_hallway_plus, shop,
          nicolae_shop_advertising_works [nicolae_subvault_shop_adworks],
          uniq_robin
D:3:      layout_rooms, okawaru_metal_pillars_3, gammafunk_ghost_smash,
          serial_bayou_crossing
D:4:      corexii_shack_village, layout_loops_ring, marbit_many_paths
D:5:      layout_basic, mainiacjoe_overflow_surrounded_room,
          minmay_misc_feat_tower
D:6:      layout_gridville, mainiacjoe_overflow_small_starburst,
          mainiacjoe_overflow_concentric_impassable, xom_redecorated,
          minmay_temple_entry_tees, hangedman_abyss_or_decor_lesser_grid,
          uniq_eustachio
Temple:   grunt_temple_mini_profane

Skill      XL: |  1  2  3  4  5  6  7 |
---------------+----------------------+-----
Necromancy     | 5 6 7 |  7.9
Spellcasting   | 4 5 6 7 |  7.5
Short Blades   | 1 2 |  2.0
Fighting       | 1 2 |  2.7
Dodging        | 3 |  3.1
Poison Magic   | 2 |  2.7
Air Magic      | 2 |  2.4
Stealth        | |  2.4

Action                   |  1- 3 |  4- 6 |  7- 9 || total
-------------------------+-------+-------+-------++-------
Melee: Short sword       |       |    81 |    62 ||   143
       Punch             |       |     4 |       ||     4
 Cast: Necrotise         |    67 |    86 |    32 ||   185
       Vampiric Draining |     1 |    11 |     7 ||    19
       Poisonous Vapours |       |       |     2 ||     2
  Use: Scroll            |     2 |    13 |     2 ||    17
       Potion            |     1 |       |     3 ||     4
 Stab: Sleeping          |       |     1 |     2 ||     3
       Distracted        |       |     1 |       ||     1
Armor: Robe              |     2 |    40 |    23 ||    65
Dodge: Dodged            |     4 |   104 |    65 ||   173

Table legend: (Time is in decaauts)
 A = Elapsed time spent in this place.
 B = Non-inter-level travel time spent in this place.
 C = Inter-level travel time spent in this place.
 D = Time resting spent in this place.
 E = Time spent auto-exploring this place.
 F = Levels seen in this place.
 G = Mean time per level.
                   A        B        C        D        E       F      G
               +--------+--------+--------+--------+--------+-----+--------+
         Total |   5031 |   4733 |    298 |    420 |   3443 |   7 |  718.7 |
       Dungeon |   4725 |   4491 |    234 |    378 |   3260 |   6 |  787.5 |
        Temple |    305 |    241 |     64 |     42 |    183 |   1 |  305.0 |
               +--------+--------+--------+--------+--------+-----+--------+

Top non-repeatable levels by time:
     D:2: 1122 daAuts
     D:4: 978 daAuts
     D:5: 943 daAuts
     D:3: 695 daAuts
     D:1: 606 daAuts
     D:6: 378 daAuts
  Temple: 305 daAuts
